 Dungeon Crawl Stone Soup version 0.31-a0-1300-gb6740aa4e6 (webtiles) character file.

Game seed: 9305871282187878559

57 timneilson the Ruffian (level 4, -3/29 HPs)
             Began as an Octopode Shapeshifter on Dec 18, 2023.
             Slain by a gnoll
             ... wielding a +0 spear
              (9 damage)
             ... on level 2 of the Dungeon.
             The game lasted 00:00:59 (668 turns).

timneilson the Ruffian (Octopode Shapeshifter)       Turns: 668, Time: 00:00:59

Health: -3/29      AC:  1    Str: 15    XL:     4   Next: 0%
Magic:  4/4        EV: 13    Int: 12    God:
Gold:   95         SH:  0    Dex: 11    Spells: 3/3 levels left

rFire   . .          .
                       - Unarmed
rCold   . . .        (no shield)
rNeg    . . .        (helmet currently unavailable)
rPois   .            (no amulet)
rElec   .            (no ring)
rCorr   .            (no ring)
SInv    .            (no ring)
Will    .....        (no ring)
Stlth   +++          (no ring)
HPRegen 0.24/turn    (no ring)
MPRegen 0.09/turn    (no ring)
                     (no ring)

%: no passive effects
@: beast-form
A: beast (slay +1), almost no armour, amphibious, 8 rings, camouflage 1,
gelatinous body 1, (nimble swimmer 1), tentacles
a: Begin Untransformation


You were on level 2 of the Dungeon.
You were a hulking beast.
You visited 1 branch of the dungeon, and saw 2 of its levels.

You collected 95 gold pieces.

Inventory:

Talismans
 b - a beast talisman
 c - a flux talisman
Scrolls
 d - a scroll of enchant weapon {unknown}
Potions
 a - a potion of lignification


   Skills:
 * Level 1.8 Fighting
 * Level 2.6 Dodging
 + Level 1.4 Stealth
 * Level 3.4 Unarmed Combat
 * Level 3.3 Shapeshifting


You had 3 spell levels left.
You didn't know any spells.
Your spell library was empty.

Dungeon Overview and Level Annotations

Branches:
Dungeon (2/15)

Altars:


Innate Abilities, Weirdness & Mutations

You are a hulking beast.
Your limbs bulge with bestial killing power. (Slay +1)
You cannot wear most types of armour.
You are amphibious.
You can wear up to eight rings at the same time.
Your skin changes colour to match your surroundings (Stealth+).
Your rubbery body absorbs attacks. (AC +1, EV +1)
((You are camouflaged when in or above water. (Stealth+)))
You have tentacles for arms and can constrict up to eight enemies at once.


Message History

No target in view!
No target in view!
No target in view!
No target in view!
No target in view!
No target in view! 4 gnolls come into view.
The gnoll shouts! x4
The gnoll hits you with a +0 halberd!
You closely miss the gnoll. You grab the gnoll. You squeeze the gnoll!
The gnoll is heavily wounded.
You constrict the gnoll, but do no damage.
The gnoll hits you with a +0 halberd.
You tentacle-slap the gnoll.
The gnoll is heavily wounded.
You constrict the gnoll. The gnoll hits you with a +0 halberd!
* * * LOW HITPOINT WARNING * * *
You tentacle-slap the gnoll. You squeeze the gnoll.
You kill the gnoll!
You feel better. The gnoll closely misses you.
You completely miss the gnoll. Your grab misses the gnoll.
The gnoll closely misses you.
You tentacle-slap the gnoll. Your grab misses the gnoll.
The gnoll is moderately wounded.
The gnoll barely misses you.
You tentacle-slap the gnoll. You grab the gnoll.
The gnoll is heavily wounded.
You constrict the gnoll. The gnoll hits you with a +0 whip.
* * * LOW HITPOINT WARNING * * *
You tentacle-slap the gnoll. You squeeze the gnoll.
You kill the gnoll!
You have reached level 4!
You tentacle-slap the gnoll. You grab the gnoll.
The gnoll is lightly wounded.
You constrict the gnoll. The gnoll closely misses you.
You tentacle-slap the gnoll. You squeeze the gnoll.
The gnoll is heavily wounded.
You constrict the gnoll.
The gnoll hits you from afar with a +0 spear!
You die...

#.# #.# #.# #.#
#.# #g# #g#
################h#
.................#
##################
## .# .# .#


You could see 2 gnolls.

Vanquished Creatures
  2 gnolls (D:2)
  An adder (D:2)
  2 dart slugs (D:1)
  2 bats
  2 endoplasms (D:1)
  A giant cockroach (D:1)
  2 goblins (D:1)
  A hobgoblin (D:1)
  3 jackals (D:1)
  A quokka (D:1)
  A ball python (D:2)
  A frilled lizard (D:1)
  3 kobolds (D:1)
  A rat (D:1)
23 creatures vanquished.

Notes
Turn   | Place    | Note
-------+----------+-------------------------------------------
     0 | D:1      | timneilson the Octopode Shapeshifter began the quest for
                  | the Orb.
     0 | D:1      | Reached XP level 1. HP: 13/13 MP: 1/1
    57 | D:1      | Reached XP level 2. HP: 13/18 MP: 2/2
   264 | D:1      | Reached skill level 1 in Stealth
   358 | D:1      | Reached XP level 3. HP: 23/23 MP: 3/3
   660 | D:2      | HP: 1/23 [gnoll/+0 halberd (11)]
   667 | D:2      | Reached XP level 4. HP: 5/29 MP: 4/4
   668 | D:2      | Slain by a gnoll

Illustrated notes

Levels and vault maps discovered:
D:1:      ncdulo_halloftheorcs, layout_rooms
D:2:      layout_basic, uniq_natasha

Skill      XL: |  1  2 |
---------------+-------+-----
Stealth        | 1 |  1.4
Fighting       | |  1.8
Dodging        | |  2.6
Unarmed Combat | |  3.4
Shapeshifting  | |  3.3

Action                     |  1- 3 |  4- 6 || total
---------------------------+-------+-------++-------
  Melee: Unarmed           |    39 |     2 ||    41
         Constrict         |     9 |     1 ||    10
         Tentacles         |     7 |     1 ||     8
    Use: Scroll            |     2 |       ||     2
         Potion            |     1 |       ||     1
   Stab: Sleeping          |     5 |       ||     5
 Armour: Skin              |    16 |     1 ||    17
  Dodge: Dodged            |    22 |     1 ||    23

Table legend: (Time is in decaauts)
 A = Elapsed time spent in this place.
 B = Non-inter-level travel time spent in this place.
 C = Inter-level travel time spent in this place.
 D = Time resting spent in this place.
 E = Time spent auto-exploring this place.
 F = Levels seen in this place.
 G = Mean time per level.
                   A        B        C        D        E       F      G
               +--------+--------+--------+--------+--------+-----+--------+
         Total |    665 |    640 |     25 |      0 |    515 |   2 |  332.5 |
       Dungeon |    665 |    640 |     25 |      0 |    515 |   2 |  332.5 |
               +--------+--------+--------+--------+--------+-----+--------+

Top non-repeatable levels by time:
     D:1: 592 daAuts
     D:2: 72 daAuts
